 Dungeon Crawl Stone Soup version 0.19.0 (webtiles) character file.

29 Magifyre the Cudgeler (level 3, 4/23 HPs)
             Began as a Gargoyle Fighter on Nov 9, 2016.
             Quit the game on level 2 of the Dungeon.
             The game lasted 00:01:33 (659 turns).

Magifyre the Cudgeler (Gargoyle Fighter)             Turns: 659, Time: 00:01:33

Health: 4/23       AC: 11    Str: 19    XL:     3   Next: 16%
Magic:  3/3        EV:  7    Int:  8    God:
Gold:   48         SH:  8    Dex:  5    Spells: 0 memorised, 2 levels left

rFire  . . .     SeeInvis .     a - +0 flail
rCold  . . .     Gourm    .     b - +0 scale mail
rNeg   + + .     Faith    .     c - +0 shield
rPois  ∞         Spirit   .     (no helmet)
rElec  +         Reflect  .     m - +0 cloak
rCorr  .         Harm     .     (no gloves)
MR     .....                    (no boots)
Stlth  ..........               p - amulet of rage
                                j - -5 ring of dexterity (curse)
                                h - ring of positive energy

@: no status effects
A: negative energy resistance 1, electricity resistance, unbreathing,
petrification resistance, rot immunity, AC +3
a: Evoke Berserk Rage


You were on level 2 of the Dungeon.
You were not hungry.

You visited 1 branch of the dungeon, and saw 2 of its levels.

You collected 48 gold pieces.

Inventory:

Hand Weapons
 a - a +0 flail (weapon)
Armour
 b - a +0 scale mail (worn)
 c - a +0 shield (worn)
 m - a +0 cloak (worn)
Jewellery
 h - a ring of positive energy (left hand)
 j - a cursed -5 ring of dexterity (right hand)
 p - an amulet of rage (around neck)
Scrolls
 e - a scroll of random uselessness {unknown}
 o - a scroll of magic mapping {unknown}
Potions
 d - 2 potions of might
 g - 2 potions of brilliance {unknown}
 i - a potion of curing {unknown}
 l - a potion of degeneration {unknown}
 n - a potion of haste {unknown}
Comestibles
 f - a bread ration
 k - 4 chunks of flesh


   Skills:
 - Level 3.2 Fighting
 + Level 3.5 Maces & Flails
 - Level 3.2 Armour
 - Level 3.2 Shields


You had 2 spell levels left.
You didn't know any spells.

Dungeon Overview and Level Annotations

Branches:
Dungeon (2/15)

Altars:


Innate Abilities, Weirdness & Mutations

You are resistant to torment.
Your stone body is resilient. (AC +3)
You are immune to poison.
You resist negative energy. (rN+)
You are resistant to electric shocks. (rElec)
You can survive without breathing.
You are immune to petrification.
You are immune to rotting.


Message History

You barely miss the adder. The bat hits you but does no damage.
The hobgoblin hits you. You block the adder's attack.
The goblin barely misses you. The giant cockroach barely misses you.
The hobgoblin hits you.
* * * LOW HITPOINT WARNING * * *
The goblin hits you but does no damage. The adder barely misses you.
You block the giant cockroach's attack.
You are too injured to fight recklessly!
Unknown command.
You are too injured to fight recklessly!
Unknown command.
You are too injured to fight recklessly!
Unknown command.
You are too injured to fight recklessly!
Unknown command.
You are too injured to fight recklessly!
Unknown command.
You are too injured to fight recklessly!
Unknown command.
Are you sure you want to abandon this character and quit the game? (Confirm with "yes".)

# ..... #.#. .....
.(#.######.....
...............
...............
..........#....
$.....sSg......
......b@g..#
....?......#
...........#
...........#
<..........# .......
...........##
#........
...#..###...####..(..#
. ...#.. ##...........
. .. #.# #.#....#..#
##.


You could see an adder, a giant cockroach, a hobgoblin, a goblin and a bat.

Vanquished Creatures
  An ooze (D:2)
  2 worms (D:2)
  A dart slug (D:1)
  A bat (D:1)
  2 goblins (D:2)
  3 hobgoblins
  3 kobolds
  2 frilled lizards (D:1)
  A rat (D:1)
16 creatures vanquished.

Notes
Turn   | Place    | Note
-------+----------+-------------------------------------------
     0 | D:1      | Magifyre the Gargoyle Fighter began the quest for the Orb.
     0 | D:1      | Reached XP level 1. HP: 14/14 MP: 1/1
   368 | D:1      | Reached XP level 2. HP: 19/19 MP: 2/2
   612 | D:2      | Reached XP level 3. HP: 18/23 MP: 3/3
   659 | D:2      | Quit the game

Skill      XL: |  1  2 |
---------------+-------+-----
Maces & Flails | 3 |  3.5
Fighting       | |  3.2
Armour         | |  3.2
Shields        | |  3.2

Action                   || total
-------------------------++-------
Melee: Flail             ||    57
Armor: Scale mail        ||    59
Dodge: Dodged            ||    33
Block: Shield            ||    45
